 Dungeon Crawl Stone Soup version 0.31.0-9-g3a7656b989 (webtiles) character file.

Game seed: 7478950292635782227

259 qw the Skirmisher (level 5, -5/30 HPs)
             Began as a Deep Elf Hunter on Feb 2, 2024.
             Slain by Pikel
             ... wielding a +0 whip of freezing
              (7 damage)
             ... on level 4 of the Dungeon.
             The game lasted 00:00:08 (2324 turns).

qw the Skirmisher (Deep Elf Hunter)                 Turns: 2324, Time: 00:00:08

Health: -5/30      AC:  3    Str: 10    XL:     5   Next: 94%
Magic:  7/7        EV: 12    Int: 14    God:
Gold:   17         SH:  0    Dex: 18    Spells: 4/4 levels left

rFire   . . .        l - -2 longbow
rCold   . . .        (shield currently unavailable)
rNeg    . . .        c - +0 leather armour
rPois   .            (no helmet)
rElec   .            (no cloak)
rCorr   .            (no gloves)
SInv    .            (no boots)
Will    .....        (no amulet)
Stlth   ++           (no ring)
HPRegen 0.25/turn    (no ring)
MPRegen 0.10/turn

%: no passive effects
@: no status effects
A: no striking features
a: no special abilities


You were on level 4 of the Dungeon.
You visited 1 branch of the dungeon, and saw 4 of its levels.

You collected 102 gold pieces.
You spent 85 gold pieces at shops.


   Skills:
 - Level 2.1 Fighting
 + Level 9.0 Ranged Weapons
 - Level 3.0 Dodging
 - Level 1.2 Stealth


You had 4 spell levels left.
You didn't know any spells.
Your spell library was empty.

Inventory:

Hand Weapons
 l - a -2 longbow (weapon)
Armour
 c - a +0 leather armour (worn)
 i - a +0 ring mail
 k - the +0 pair of gloves "Yclybrif" {Stlth+}
   (You found it on level 4 of the Dungeon)

   Stlth+:    It makes you more stealthy.
Jewellery
 b - a ring of fire
 f - a ring of willpower
 j - a ring of flight
Scrolls
 a - a scroll of vulnerability {unknown}
 d - a scroll of poison {unknown}
 g - 6 scrolls of identify
Potions
 e - a potion of mutation
 h - 2 potions of degeneration {unknown}

Dungeon Overview and Level Annotations

Branches:
Dungeon (4/15)
 Temple: D:4-7

Altars:
Dithmenos

Shops:
D:2 (   D:4 *([??

Annotations:
D:2 1 runed translucent door, Crazy Yiuf
D:4 Pikel


Message History

Pikel misses you.
Pikel hits you with a +0 whip of freezing!
Pikel freezes you.
You shoot an arrow. The arrow hits Pikel!
Pikel is moderately wounded.
Pikel hits you with a +0 whip of freezing.
Pikel freezes you.
You shoot an arrow. The arrow hits Pikel.
Pikel is moderately wounded.
Pikel completely misses you.
You shoot an arrow.
The arrow hits Pikel but does no damage.
Pikel is moderately wounded.
Pikel hits you with a +0 whip of freezing.
Pikel freezes you.
A lemure comes into view.
Pikel misses you.
You shoot an arrow. The arrow closely misses Pikel.
The arrow hits the lemure!
The lemure is heavily wounded.
Pikel completely misses you.
You shoot an arrow. The arrow closely misses Pikel.
The arrow hits the lemure!
The lemure is almost dead.
Pikel completely misses you.
You shoot an arrow. The arrow barely misses Pikel.
The arrow barely misses the lemure.
Pikel hits you with a +0 whip of freezing.
Pikel freezes you.
You shoot an arrow. The arrow misses Pikel.
The arrow hits the lemure.
You kill the lemure!
That felt strangely unrewarding.
Pikel barely misses you. Pikel closely misses you.
You shoot an arrow. The arrow hits Pikel!
Pikel is severely wounded.
Pikel hits you with a +0 whip of freezing.
Pikel freezes you.
You shoot an arrow. The arrow barely misses Pikel.
The arrow closely misses the lemure.
Pikel hits you with a +0 whip of freezing!
You die...
Pikel says, "See you in Hell!"

#.............#.#
................#
#.#.##..##....>..
#.........:.#....
########......... #
#....#...... ###.###
##...###..#..
$......######...###.....
......5K@...........# .#
.......#####.#.###### #
....... #....# .......
....### ......5 ....##
###.......## #.##.... #.
#.##


You could see Pikel and a lemure.

Vanquished Creatures
  3 lemures (D:4)
  A scorpion (D:4)
  A hound (D:4)
  2 orc wizards (D:4)
  6 adders
  A ribbon worm (D:3)
  2 dart slugs
  An orc (D:4)
  6 endoplasms
  4 giant cockroaches
  5 goblins
  7 hobgoblins
  3 jackals (D:1)
  5 kobolds
  2 quokkas
  6 ball pythons
  5 bats
  3 frilled lizards
  3 rats
66 creatures vanquished.

Notes
Turn   | Place    | Note
-------+----------+-------------------------------------------
     0 | D:1      | qw the Deep Elf Hunter began the quest for the Orb.
     0 | D:1      | Reached XP level 1. HP: 12/12 MP: 3/3
     0 | D:1      | 0 ||| qw: Version: 0.3-a-155-g5e7d8dd
     0 | D:1      | 0 ||| qw: Game counter: 527
     0 | D:1      | 0 ||| qw: Melee chars always use a shield: true
     0 | D:1      | 0 ||| qw: God list: Okawaru
     0 | D:1      | 0 ||| qw: Allow faded altars: false
     0 | D:1      | 0 ||| qw: Do Orc after clearing Dungeon:15 true
     0 | D:1      | 0 ||| qw: Do second Lair branch before Depths: true
     0 | D:1      | 0 ||| qw: Lair rune preference: random
     0 | D:1      | 0 ||| qw: Goals: Normal
     0 | D:1      | 0 ||| PLANNING D:1-11
    46 | D:1      | 46 ||| RETREEEEATING.
    58 | D:1      | Reached skill level 6 in Ranged Weapons
    58 | D:1      | Reached XP level 2. HP: 13/16 MP: 4/4
   412 | D:1      | Reached XP level 3. HP: 16/20 MP: 5/5
   840 | D:1      | 840 ||| READING scroll labelled ZUREGO OLOAHADGH.
   841 | D:1      | 841 ||| READING scroll labelled XARROWK NAOLUU.
   841 | D:1      | 841 ||| BRANDING +0 shortbow.
   842 | D:1      | 842 ||| DROPPING scroll of butterflies.
   919 | D:2      | Reached skill level 7 in Ranged Weapons
  1053 | D:2      | HP: 4/20 [adder (4)]
  1096 | D:2      | 1096 ||| FLEEEEING.
  1127 | D:2      | Found Koto Opp's Weapon Shop.
  1133 | D:2      | 1133 ||| SHOPLISTING +2 orcbow of flaming (183 gold, have
                  | 59).
  1133 | D:2      | 1133 ||| SHOPLISTING +4 orcbow of Vosmemua {freeze, Fly
                  | rPois rC+} (466 gold, have 59).
  1133 | D:2      | 1133 ||| SHOPLISTING +6 orcbow of the Assorted Lovers
                  | {freeze, rF+ rC+ Stlth+} (601 gold, have 59).
  1317 | D:2      | Reached XP level 4. HP: 25/25 MP: 6/6
  1346 | D:2      | Found a runed translucent door.
  1347 | D:2      | Noticed Crazy Yiuf
  1544 | D:2      | 1544 ||| READING scroll labelled VOETEHU HOLAK.
  1544 | D:2      | 1544 ||| IDENTIFYING clear potion
  1935 | D:3      | Found a faded altar of an unknown god.
  1955 | D:3      | Reached skill level 8 in Ranged Weapons
  2053 | D:3      | You fall into a shaft and drop 1 floor!
  2053 | D:4      | Found a shadowy altar of Dithmenos.
  2054 | D:4      | 2054 ||| PLANNING SEWER
  2058 | D:4      | Noticed a scorpion
  2060 | D:4      | Killed a scorpion
  2061 | D:4      | Reached XP level 5. HP: 29/29 MP: 7/7
  2072 | D:4      | Reached skill level 9 in Ranged Weapons
  2078 | D:4      | Reached skill level 3 in Dodging
  2116 | D:4      | Found Doakh's Magic Scroll Boutique.
  2122 | D:4      | Found Muofepny's Antique Weapon Boutique.
  2124 | D:4      | Found Matax's Magic Scroll Boutique.
  2124 | D:4      | Found Zaequburr's Antique Armour Boutique.
  2127 | D:4      | 2127 ||| SHOPLISTING scroll of brand weapon (133 gold, have
                  | 91).
  2127 | D:4      | 2127 ||| BUYING scroll of identify (28 gold).
  2127 | D:4      | Bought a scroll of identify for 28 gold pieces
  2127 | D:4      | 2127 ||| BUYING scroll of identify (28 gold).
  2127 | D:4      | Bought a scroll of identify for 28 gold pieces
  2127 | D:4      | 2127 ||| BUYING scroll of identify (28 gold).
  2127 | D:4      | Bought a scroll of identify for 28 gold pieces
  2132 | D:4      | 2132 ||| SHOPLISTING dyed leather armour (130 gold, have
                  | 7).
  2132 | D:4      | 2132 ||| SHOPLISTING fire dragon scales (1560 gold, have
                  | 7).
  2132 | D:4      | 2132 ||| SHOPLISTING shiny ring mail (182 gold, have 7).
  2132 | D:4      | 2132 ||| SHOPLISTING shiny scale mail (182 gold, have 7).
  2140 | D:4      | 2140 ||| SHOPLISTING scroll of enchant weapon (90 gold,
                  | have 7).
  2140 | D:4      | 2140 ||| SHOPLISTING scroll of identify (24 gold, have 7).
  2140 | D:4      | 2140 ||| SHOPLISTING scroll of teleportation (36 gold, have
                  | 7).
  2150 | D:4      | Found Bukuq's Lightly-Used Armoury.
  2158 | D:4      | Identified the +0 pair of gloves "Yclybrif" {Stlth+}
  2175 | D:4      | Noticed a lemure
  2176 | D:4      | 2176 ||| RETREEEEATING.
  2183 | D:4      | Killed a lemure
  2239 | D:4      | 2239 ||| SHOPLISTING -1 pearl dragon scales (950 gold, have
                  | 18).
  2239 | D:4      | 2239 ||| BUYING -2 longbow (1 gold).
  2239 | D:4      | Bought a -2 longbow for 1 gold piece
  2239 | D:4      | 2239 ||| SWAPPING to -2 longbow.
  2240 | D:4      | 2240 ||| DROPPING +0 heavy shortbow.
  2246 | D:4      | Noticed a lemure
  2247 | D:4      | Noticed Pikel
  2248 | D:4      | 2248 ||| RETREEEEATING.
  2249 | D:4      | Noticed a lemure
  2250 | D:4      | 2250 ||| RETREEEEATING.
  2252 | D:4      | 2252 ||| RETREEEEATING.
  2258 | D:4      | Killed a lemure
  2313 | D:4      | 2313 ||| RETREEEEATING.
  2318 | D:4      | Noticed a lemure
  2321 | D:4      | HP: 5/30 [Pikel/+0 whip of freezing (3)]
  2322 | D:4      | Killed a lemure
  2323 | D:4      | HP: 2/30 [Pikel/+0 whip of freezing (3)]
  2324 | D:4      | Slain by Pikel

Levels and vault maps discovered:
D:1:      dpeg_arrival_arbitrary_b, layout_loops_ring, serial_forest,
          infiniplex_forest_pool, infiniplex_forest_corner_2,
          infiniplex_forest_straight_3, infiniplex_forest_zigzag_1,
          infiniplex_forest_straight_2, infiniplex_forest_straight_4
D:2:      layout_loops_ring, serial_shops, shop, uniq_crazy_yiuf_cottage
D:3:      layout_basic, shapermc_ecumenical_altar_notcrosses,
          minmay_misc_feat_rugged
D:4:      layout_rooms, lemuel_crystal_altar, grunt_gozag_statues,
          portal_sewer_entry_e, minmay_shop_grid_forest, minmay_shop_damaged,
          kennysheep_generic_room_12, uniq_pikel

Skill      XL: |  1  2  3  4  5 |
---------------+----------------+-----
Ranged Weapons | 6 7 8 9 |  9.0
Dodging        | 3 |  3.0
Fighting       | 2 |  2.1
Stealth        | |  1.2

Action                     |  1- 3 |  4- 6 || total
---------------------------+-------+-------++-------
   Fire: Shortbow          |    92 |    68 ||   160
         Longbow           |       |    20 ||    20
    Use: Scroll            |     2 |     1 ||     3
 Armour: Leather armour    |    24 |    31 ||    55
  Dodge: Dodged            |    29 |    34 ||    63

Table legend:
 A = Non-vault XP
 B = Vault XP
 C = Vault XP percentage of total XP
 D = Non-vault monster count
 E = Vault monster count
 F = Vault count percentage of total count
                 A         B        C        D         E       F
            +---------+---------+-------+---------+---------+-------
      Total |     370 |       0 |   0.0 |      63 |       0 |   0.0
            +---------+---------+-------+---------+---------+-------
        D:1 |      47 |       0 |   0.0 |      28 |       0 |   0.0
        D:2 |      59 |       0 |   0.0 |      13 |       0 |   0.0
        D:3 |      60 |       0 |   0.0 |      14 |       0 |   0.0
        D:4 |     204 |       0 |   0.0 |       8 |       0 |   0.0
            +---------+---------+-------+---------+---------+-------
